 Dungeon Crawl Stone Soup version 0.23-b1-51-gfe822ef6ca (webtiles) character file.

Game seed: 11886942816383700762

54 Revguard the Conjurer (level 3, 0/19 HPs)
             Began as a Deep Elf Conjurer on Feb 4, 2019.
             Slain by an ogre
             ... wielding a +0 giant club
              (19 damage)
             ... on level 2 of the Dungeon.
             The game lasted 00:04:39 (1807 turns).

Revguard the Conjurer (Deep Elf Conjurer)           Turns: 1807, Time: 00:04:39

Health: 0/19       AC:  2    Str:  5    XL:     3   Next: 66%
Magic:  6/9        EV: 13    Int: 19    God:
Gold:   29         SH:  0    Dex: 16    Spells: 2/8 levels left

rFire    . . .     SeeInvis .   j - +0 quarterstaff
rCold    . . .     Gourm    .   (shield currently unavailable)
rNeg     . . .     Faith    .   a - +0 robe
rPois    .         Spirit   .   (no helmet)
rElec    .         Reflect  .   (no cloak)
rCorr    .         Harm     .   (no gloves)
MR       .....                  (no boots)
Stlth    ++........             (no amulet)
HPRegen  0.06/turn              (no ring)
MPRegen  0.11/turn              (no ring)

@: no status effects
A: no striking features
a: no special abilities


You were on level 2 of the Dungeon.
You were hungry.

You visited 1 branch of the dungeon, and saw 2 of its levels.

You collected 29 gold pieces.

Inventory:

Hand Weapons
 j - a +0 quarterstaff (weapon)
Armour
 a - a +0 robe (worn)
Scrolls
 g - a scroll of teleportation
 h - a scroll of identify {unknown}
Potions
 b - a potion of haste {unknown}
 e - a potion of brilliance {unknown}
 f - a potion of might {unknown}
 i - a potion of lignification {unknown}
 k - a potion of resistance {unknown}
Comestibles
 c - a ration


   Skills:
 + Level 2.6 Dodging
 + Level 2.6 Stealth
 + Level 3.3 Spellcasting
 + Level 5.6 Conjurations


You had 2 spell levels left.
You knew the following spells:

 Your Spells              Type           Power        Failure   Level  Hunger
a - Magic Dart            Conj           ###.         1%          1    None
b - Searing Ray           Conj           ###...       2%          2    ##.....
c - Dazzling Spray        Conj/Hex       ##....       14%         3    ###....

Your spell library contained the following spells:

 Spells                   Type           Power        Failure   Level  Hunger
 Corona                   Hex            #......      14%         1    None
 Ensorcelled Hibernation  Hex/Ice        #.....       22%         2    ##.....
 Iskenderun's Mystic Bla  Conj           ###.....     14%         4    ####...
 Confuse                  Hex            #.......     41%         3    ###....
 Tukima's Dance           Hex            #.......     41%         3    ###....
 Force Lance              Conj/Tloc      ##......     43%         4    ####...
 Fulminant Prism          Conj/Hex       ##........   43%         4    ####...


Dungeon Overview and Level Annotations

Branches:
Dungeon (2/15)

Altars:


Message History

You kill the goblin!
Things that are here:
a +0 club; a goblin corpse You start resting.
Magic restored.
You start resting.
You are feeling hungry.
You start resting.
HP restored.
The ogre shouts!
Casting: Magic Dart (safe; 1% risk of failure)
Confirm with . or Enter, or press ? or * to list all spells.
Aiming: Dazzling Spray (safe; 14% risk of failure)
Press: ? - help, Shift-Dir - straight line, f - ogre
Aim: an ogre, wielding a +0 giant club The spray of energy misses the ogre.
Found an escape hatch in the ceiling.
The ogre hits you with a +0 giant club!!
Ouch! That really hurt!
You die...

#### ....
....
#######
...†
#...@.#
....
#.###O#
#### #.#
....
#.#.#.#.÷.
#.#.......#
#.# ... ..#
# #.#
<#....#
##### #.#..
.. .# #...#
#.# +...#


You could see an ogre.

Vanquished Creatures
  A gnoll (D:1)
  An ooze (D:1)
  A worm (D:2)
  2 dart slugs
  A leopard gecko (D:1)
  A giant cockroach (D:2)
  5 hobgoblins
  2 kobolds (D:1)
  A quokka (D:2)
  6 bats
  A frilled lizard (D:2)
  5 goblins
  5 rats (D:1)
32 creatures vanquished.

Notes
Turn   | Place    | Note
-------+----------+-------------------------------------------
     0 | D:1      | Revguard the Deep Elf Conjurer began the quest for the Orb.
     0 | D:1      | Reached XP level 1. HP: 10/10 MP: 6/6
   190 | D:1      | Reached XP level 2. HP: 11/15 MP: 0/8
   194 | D:1      | Learned a level 2 spell: Searing Ray
   266 | D:1      | Reached skill level 5 in Conjurations
   782 | D:1      | Reached XP level 3. HP: 19/19 MP: 6/9
   787 | D:1      | Learned a level 3 spell: Dazzling Spray
  1591 | D:2      | Noticed an ogre
  1807 | D:2      | Slain by an ogre

Skill      XL: |  1  2 |
---------------+-------+-----
Conjurations   | 5 |  5.6
Dodging        | |  2.6
Stealth        | |  2.6
Spellcasting   | |  3.3

Action                   || total
-------------------------++-------
Melee: Unarmed           ||     6
       Quarterstaff      ||     7
 Cast: Magic Dart        ||    49
       Searing Ray       ||     2
       Dazzling Spray    ||     4
  Use: Scroll            ||     2
  Eat: Chunk             ||     2
Armor: Robe              ||     1
Dodge: Dodged            ||    14
